 Dungeon Crawl Stone Soup version 0.32-a0-705-g60f233581c (webtiles) character file.

Game seed: 3423548308913692916

46201 jasper the Severer (level 14, -16/113 HPs)
             Began as a Coglin Gladiator on Mar 14, 2024.
             Was the Champion of Okawaru.
             Demolished by Donald
             ... wielding a +2 broad axe of flaming
              (43 damage)
             ... on level 2 of the Orcish Mines.
             The game lasted 00:20:39 (18954 turns).

jasper the Severer (Coglin Gladiator)              Turns: 18954, Time: 00:20:39

Health: -16/113    AC: 30    Str: 19    XL:     14   Next: 36%
Magic:  14/20      EV:  9    Int: 10    God:    Okawaru [******]
Gold:   1263       SH:  0    Dex: 16    Spells: 13/13 levels left

rFire   + . .        a - +5 broad axe (flame) {Qiu}
rCold   . . .        s - +6 broad axe (flame) {Aylmer}
rNeg    + . .        M - +1 plate armour of Divine Compulsion {rN+ Int+2}
rPois   .            c - +2 helmet
rElec   +            Q - +0 cloak
rCorr   .            r - +2 pair of gloves
SInv    +            f - +2 pair of boots "Lorats" {rElec SInv}
Will    +....        (amulet unavailable) Stlth
                     (ring unavailable)
HPRegen 1.18/turn    (ring unavailable)
MPRegen 0.57/turn    l
                       - N-50 turboscope {rElec rF+ Regen+ RegenMP+}

%: no passive effects
@: heroic, finesse-ful, revved
A: off-hand wielding, slow wielding, warmup strikes, no jewellery
a: Renounce Religion, Heroism, Finesse, Duel


You were on level 2 of the Orcish Mines.
You worshipped Okawaru.
Okawaru was exalted by your worship.
You visited 4 branches of the dungeon, and saw 19 of its levels.

You collected 1360 gold pieces.
You spent 97 gold pieces at shops.

Inventory:

Hand Weapons
 a - a +5 broad axe of flaming (weapon) {Qiu}
 o - a +2 broad axe of electrocution
 s - a +6 broad axe of flaming (offhand) {Aylmer}
Missiles
 d - 6 throwing nets
 e - 4 javelins
 G - 12 boomerangs (quivered)
 T - a curare-tipped dart
 W - 5 silver javelins
Armour
 b - a +0 leather armour
 c - a +2 helmet (worn)
 f - the +2 pair of boots "Lorats" (worn) {rElec SInv}
   (Okawaru gifted it to you on level 5 of the Lair of Beasts)

   rElec:     It insulates you from electricity.
   SInv:      It lets you see invisible.
 p - a +0 chain mail
 r - a +2 pair of gloves (worn)
 L - a +0 plate armour
 M - the +1 plate armour of Divine Compulsion (worn) {rN+ Int+2}
   (You found it on level 9 of the Dungeon)

   Int+2:     It affects your intelligence (+2).
   rN+:       It protects you from negative energy.
 Q - a +0 cloak (worn)
Gizmo
 l - a N-50 turboscope (installed) {rElec rF+ Regen+ RegenMP+}
   (You invented it yourself on level 5 of the Lair of Beasts)

   [N-50 turboscope]

   rF+:       It protects you from fire.
   rElec:     It insulates you from electricity.
   Regen+:    It increases your rate of health regeneration.
   RegenMP+:  It increases your rate of magic regeneration.
Wands
 v - a wand of polymorph (19)
 H - a wand of flame (21)
 V - a wand of mindburst (11)
 Z - a wand of warping (7)
Scrolls
 j - 3 scrolls of identify
 k - a scroll of torment
 n - a scroll of poison
 t - 4 scrolls of fog
 u - 5 scrolls of blinking
 y - 2 scrolls of silence
 A - 7 scrolls of teleportation
 B - 4 scrolls of immolation
 N - a scroll of amnesia
 O - 5 scrolls of noise
 P - a scroll of brand weapon
 S - 2 scrolls of vulnerability
 U - a scroll of revelation
Potions
 g - 3 potions of might
 h - 2 potions of attraction
 i - 3 potions of ambrosia
 m - 3 potions of berserk rage
 q - 5 potions of curing
 x - a potion of magic
 z - 3 potions of brilliance
 C - 5 potions of mutation
 E - a potion of enlightenment
 F - a potion of cancellation
 I - 2 potions of invisibility {unknown}
 J - a potion of resistance {unknown}
 K - 2 potions of degeneration {unknown}
 R - a potion of lignification {unknown}
 X - 2 potions of heal wounds
Miscellaneous
 w - a phial of floods


   Skills:
 + Level 11.1(16.1) Fighting
 - Level 2.0(7.0) Short Blades
 * Level 16.4(21.4) Axes
 - Level 5.0(10.0) Throwing
 + Level 9.7(14.7) Armour
 - Level 2.6(7.6) Dodging
 - Level 8.0 Invocations


You had 13 spell levels left.
You didn't know any spells.
Your spell library contained the following spells:

 Spells                   Type           Power      Damage    Failure   Level
 Freeze                   Ice            0%         1d3       99%         1
 Shock                    Conj/Air       0%         1d3       99%         1
 Sting                    Conj/Alch      0%         1d3       99%         1
 Ensorcelled Hibernation  Hex/Ice        0%         N/A       100%        2
 Mercury Vapours          Alch/Air       0%         N/A       100%        2
 Static Discharge         Conj/Air       0%         3-3/arc   100%        2
 Sublimation of Blood     Necr           0%         N/A       100%        2
 Frozen Ramparts          Ice            0%         1d1       100%        3
 Fugue of the Fallen      Necr           0%         N/A       100%        3
 Gell's Gravitas          Tloc           0%         N/A       100%        3
 Hailstorm                Conj/Ice       0%         3d5       100%        3
 Mephitic Cloud           Conj/Alch/Air  0%         N/A       100%        3
 Sigil of Binding         Hex            0%         N/A       100%        3
 Swiftness                Air            0%         N/A       100%        3
 Teleport Other           Tloc           0%         N/A       100%        3
 Airstrike                Air            0%         2d(0-16)  100%        4
 Anguish                  Hex/Necr       0%         N/A       100%        4
 Dimensional Bullseye     Hex/Tloc       0%         N/A       100%        4
 Petrify                  Alch/Erth      0%         N/A       100%        4
 Vhi's Electric Charge    Tloc/Air       0%         N/A       100%        4
 Alistair's Intoxication  Alch           0%         N/A       100%        5
 Borgnjor's Vile Clutch   Necr/Erth      0%         N/A       100%        5
 Freezing Cloud           Conj/Ice/Air   0%         6-21      100%        5
 Irradiate                Conj/Alch      0%         3d11      100%        5
 Dispersal                Tloc           0%         N/A       100%        6
 Call Canine Familiar     Summ           Unusable   N/A       N/A         3
 Animate Dead             Necr           Unusable   N/A       N/A         4
 Summon Lightning Spire   Summ/Air       Unusable   N/A       N/A         4
 Death Channel            Necr           Unusable   N/A       N/A         6
 Sculpt Simulacrum        Ice/Alch       Unusable   N/A       N/A         6

Dungeon Overview and Level Annotations

Branches:
Dungeon (11/15)            Temple (1/1) D:4            Lair (5/5) D:9
  Swamp (0/4) Lair:2       Spider (0/4) Lair:3        Slime (0/5) Lair:5
    Orc (2/2) D:10            Elf (0/3) Orc:2

Altars:
Ashenzari
Cheibriados
Dithmenos
Elyvilon
Fedhas
Gozag
Hepliaklqana
Kikubaaqudgha
Makhleb
Nemelex Xobeh
Okawaru
Qazlal
Ru
Sif Muna
Trog
Uskayaw
Vehumet
Wu Jian
Xom
Yredelemnul
Zin
The Shining One
Jiyva
Lugonu

Shops:
D:3 ?   D:9 :   D:10 (

Portals:
Abyss: Lair:5

Annotations:
Orc:2 Donald


Innate Abilities, Weirdness & Mutations

You can wield a second weapon in your off-hand.
It takes a long time for you to wield or remove held weapons.
Your first few attacks do less damage.
You cannot equip rings or amulets.


Message History

You slash the orc warrior with your +5 broad axe of flaming!
You burn the orc warrior.
You slash the orc with your +5 broad axe of flaming!
You burn the orc.
You kill the orc!
Donald blocks your attack.
You slash the orc priest with your +5 broad axe of flaming!
You burn the orc priest.
You kill the orc priest!
Okawaru accepts your kill.
You slash the orc priest with your +5 broad axe of flaming!
You burn the orc priest.
You kill the orc priest!
Okawaru accepts your kill.
You slash the orc warrior with your +5 broad axe of flaming!
You burn the orc warrior.
The orc warrior hits you but does no damage. x2
The orc warrior hits you with a +0 long sword.
* * * LOW HITPOINT WARNING * * *
The orc priest invokes the aid of Beogh against you.
Pain shoots through your body!
* * * LOW HITPOINT WARNING * * *
The orc priest casts a cantrip, but nothing happens.
You take 9 damage, and have 26/113 hp.
Donald blocks your attack.
You slash the orc with your +6 broad axe of flaming!
You burn the orc.
You kill the orc!
You slice the orc warrior with your +6 broad axe of flaming!!
You burn the orc warrior.
You kill the orc warrior!
Okawaru accepts your kill.
You closely miss the orc warrior with your +6 broad axe of flaming.
You slice Donald with your +5 broad axe of flaming!!
You burn Donald!
You hit the orc warrior with your +5 broad axe of flaming.
You burn the orc warrior.
Donald hits you with a +2 broad axe of flaming!!!
You die...
Donald says, "I won.
I... don't hate that."

...... . .#... ... #.
.... .... #..#.o. ....
...oo ..........
####ooo#######..........
......))o....#..........
......)@))...#..........
......@).)..............
......##))..............
..........))............
......#.....)...........
.....#..................
.#.........$........##.#
...$....##..#.).#).####
......#......)))......


You could see Donald (fast, strong, reflecting), 2 orc warriors, 3 orc priests
and 2 orcs.

Vanquished Creatures
  A hydra (Lair:3)
  Harold (D:10)
  2 two-headed ogres
  3 boulder beetles
  3 thrashing horrors (Lair:5)
  Amaemon (Lair:2)
  Nergalle (D:10)
  3 large abominations (Lair:5)
  An orc knight (D:11)
  2 ugly things (Lair:5)
  A cyclops (D:11)
  20 elephants
  The ghost of Shen the Trooper, a novice MiFi of Okawaru (D:5)
  3 black mambas
  8 cane toads
  An orange demon (Lair:2)
  2 kobold blastminers (Orc:2)
  A torpor snail (Lair:1)
  2 smoke demons (Lair:5)
  An unseen horror (D:11)
  3 rime drakes
  4 komodo dragons
  3 trolls
  3 polar bears (Lair:3)
  16 blink frogs
  A raiju (Lair:5)
  Sigmund (D:2)
  12 wyverns
  2 spriggans (Lair:5)
  2 ynoxinuls (Lair:5)
  6 basilisks
  2 wraiths (D:11)
  29 yaks
  5 steam dragons
  2 chaos spawn (Lair:5)
  9 water moccasins
  A swamp drake (Lair:2)
  2 black bears
  18 orc warriors
  9 wolves
  7 ogres
  4 centaurs
  A phantom (D:7)
  12 bullfrogs
  2 kobold brigands
  A weeping skull (D:4)
  10 scorpions
  2 gnoll sergeants
  11 small abominations (Lair:5)
  3 wights (D:7)
  5 killer bees (D:10)
  A howler monkey (D:10)
  4 electric eels
  A hound (D:5)
  2 jellies (D:6)
  11 orc priests
  7 iguanas
  12 orc wizards
  11 gnolls
  10 adders
  A shadow imp (D:7)
  A white imp (D:7)
  3 ribbon worms
  3 dart slugs
  66 orcs
  4 ball pythons
  6 bats
  5 endoplasms
  A giant cockroach (Lair:3)
  5 goblins
  5 hobgoblins
  15 kobolds
  9 quokkas
  3 frilled lizards
  4 rats
  A spectral orc (D:4)
437 creatures vanquished.

Notes
Turn   | Place    | Note
-------+----------+-------------------------------------------
     0 | D:1      | jasper the Coglin Gladiator began the quest for the Orb.
     0 | D:1      | Reached XP level 1. HP: 16/16 MP: 1/1
   177 | D:1      | Reached XP level 2. HP: 22/22 MP: 2/2
   558 | D:1      | Reached skill level 4 in Axes
   671 | D:1      | Reached XP level 3. HP: 22/27 MP: 3/3
  1464 | D:2      | Reached XP level 4. HP: 33/33 MP: 4/4
  1637 | D:2      | Noticed Sigmund
  1645 | D:2      | Killed Sigmund
  1646 | D:2      | Reached skill level 6 in Axes
  1646 | D:2      | Reached XP level 5. HP: 19/38 MP: 5/5
  2121 | D:3      | Reached XP level 6. HP: 37/44 MP: 6/6
  2641 | D:3      | Found a sacrificial altar of Ru.
  2774 | D:3      | Found Sitoruk's Magic Scroll Shop.
  2777 | D:3      | Bought a scroll of blinking for 97 gold pieces
  3016 | D:4      | Found a basalt altar of Yredelemnul.
  3025 | D:4      | Reached skill level 7 in Axes
  3025 | D:4      | Reached skill level 1 in Armour
  3125 | D:4      | Reached XP level 7. HP: 32/51 MP: 7/7
  3298 | D:4      | Found a staircase to the Ecumenical Temple.
  3332 | Temple   | Entered the Ecumenical Temple
  3347 | Temple   | Became a worshipper of Warmaster Okawaru
  3572 | D:5      | Entered Level 5 of the Dungeon
  4253 | D:5      | Found a runed translucent door.
  4363 | D:5      | Noticed Shen's ghost (novice MiFi)
  4391 | D:5      | Reached * piety under Okawaru
  4392 | D:5      | Reached skill level 8 in Axes
  4489 | D:5      | Reached XP level 8. HP: 56/60 MP: 8/8
  4908 | D:5      | Killed Shen's ghost
  5210 | D:6      | Reached skill level 9 in Axes
  5479 | D:6      | Reached ** piety under Okawaru
  5480 | D:6      | Reached skill level 5 in Fighting
  5480 | D:6      | Reached XP level 9. HP: 33/68 MP: 9/9
  5791 | D:6      | Identified a scroll of acquirement
  5791 | D:6      | Acquired a +4 broad axe of flaming
  5902 | D:7      | Found a shadowy altar of Dithmenos.
  5950 | D:7      | You fall into a shaft and drop 3 floors!
  5950 | D:10     | Entered Level 10 of the Dungeon
  6202 | D:10     | Found Viblef's Weapon Shop.
  6266 | D:10     | Found a radiant altar of Vehumet.
  6267 | D:10     | Found a shimmering blue altar of Sif Muna.
  6267 | D:10     | Found an ancient bone altar of Kikubaaqudgha.
  6273 | D:10     | Found a sparkling altar of Nemelex Xobeh.
  6307 | D:9      | Reached skill level 10 in Axes
  6535 | D:7      | Reached *** piety under Okawaru
  6536 | D:7      | Reached skill level 5 in Armour
  7308 | D:8      | Reached skill level 11 in Axes
  7646 | D:8      | Reached XP level 10. HP: 47/77 MP: 10/10
  7999 | D:8      | Found a hazy altar of Hepliaklqana.
  8176 | D:9      | Found Zitov's Self-Improvement Boutique.
  8309 | D:9      | Reached **** piety under Okawaru
  8459 | D:9      | Identified the +1 plate armour of Divine Compulsion {rN+
                  | Int+2}
  8463 | D:9      | Found a hide-covered altar of Uskayaw.
  8650 | D:9      | Found a staircase to the Lair.
  8866 | D:9      | Found a glowing golden altar of the Shining One.
  9012 | D:10     | Found a staircase to the Orcish Mines.
  9040 | D:10     | Noticed Nergalle
  9081 | D:10     | Killed Nergalle
  9082 | D:10     | Reached skill level 12 in Axes
  9427 | D:10     | Noticed Harold
  9434 | D:10     | Killed Harold
  9688 | D:10     | Found a snail-covered altar of Cheibriados.
  9689 | D:10     | Noticed a two-headed ogre
  9702 | D:10     | Killed a two-headed ogre
  9703 | D:10     | Reached XP level 11. HP: 70/86 MP: 8/11
  9817 | D:10     | Found a shimmering altar of Xom.
  9877 | D:11     | Noticed an orc knight
  9889 | D:11     | Killed an orc knight
  9892 | D:11     | Reached skill level 13 in Axes
 10287 | D:11     | Noticed a two-headed ogre
 10296 | D:11     | Killed a two-headed ogre
 10296 | D:11     | Reached ***** piety under Okawaru
 10437 | D:11     | Noticed a cyclops
 10445 | D:11     | Killed a cyclops
 10446 | D:11     | Reached skill level 1 in Invocations
 11397 | Lair:1   | Entered Level 1 of the Lair of Beasts
 11770 | Lair:1   | Identified the +1 sling of Dissolution {drain, rN++ Str-5
                  | Int+5}
 12033 | Lair:1   | Received a gift from Okawaru
 12689 | Lair:2   | Noticed Amaemon
 12698 | Lair:2   | Killed Amaemon
 12702 | Lair:2   | Reached skill level 5 in Throwing
 12958 | Lair:2   | Found a staircase to the Swamp.
 12962 | Lair:2   | Reached XP level 12. HP: 81/94 MP: 15/15
 13216 | Lair:2   | Reached skill level 5 in Invocations
 13661 | Lair:2   | Received a gift from Okawaru
 14222 | Lair:3   | Noticed a four-headed hydra
 14229 | Lair:3   | Killed a one-headed hydra
 14454 | Lair:3   | Noticed a boulder beetle
 14463 | Lair:3   | Found a hole to the Spider Nest.
 14464 | Lair:3   | Killed a boulder beetle
 14635 | Lair:3   | Got the Treatise on Austromancy and Argyropoeia
 14642 | Lair:3   | Noticed a boulder beetle
 14646 | Lair:3   | Noticed a boulder beetle
 14655 | Lair:3   | Killed a boulder beetle
 14656 | Lair:3   | Reached skill level 1 in Short Blades
 15573 | Lair:4   | Received a gift from Okawaru
 15797 | Lair:4   | Reached skill level 14 in Axes
 15870 | Lair:4   | Reached XP level 13. HP: 93/101 MP: 19/19
 16729 | Lair:5   | Entered Level 5 of the Lair of Beasts
 16740 | Lair:5   | Received a gift from Okawaru
 16833 | Lair:5   | Reached ****** piety under Okawaru
 16834 | Lair:5   | Acquired a +4 broad axe of flaming
 16834 | Lair:5   | Received a gift from Okawaru
 16857 | Lair:5   | Acquired the +2 pair of boots "Lorats" {rElec SInv}
 16857 | Lair:5   | Received a gift from Okawaru
 16894 | Lair:5   | Reached skill level 10 in Fighting
 16894 | Lair:5   | Reached skill level 15 in Axes
 16897 | Lair:5   | Received a gift from Okawaru
 17700 | Lair:5   | Received a gift from Okawaru
 17851 | Lair:5   | Reached XP level 14. HP: 93/111 MP: 20/20
 18058 | Lair:5   | Acquired a N-50 turboscope {rElec rF+ Regen+ RegenMP+}
 18105 | Lair:5   | Reached skill level 16 in Axes
 18120 | Lair:5   | Received a gift from Okawaru
 18167 | Lair:5   | Found a corrupted altar of Lugonu.
 18167 | Lair:5   | Found a one-way gate to the infinite horrors of the Abyss.
 18396 | Lair:5   | Found a viscous altar of Jiyva.
 18397 | Lair:5   | Found a staircase to the Slime Pits.
 18671 | Orc:1    | Entered Level 1 of the Orcish Mines
 18828 | Orc:2    | Entered Level 2 of the Orcish Mines
 18828 | Orc:2    | Found a burning altar of Makhleb.
 18831 | Orc:2    | Found a staircase to the Elven Halls.
 18946 | Orc:2    | Noticed Donald
 18954 | Orc:2    | Demolished by Donald

Illustrated notes

Levels and vault maps discovered:
D:1:      ebering_hopf_link, layout_loops_corners
D:2:      layout_loops_corners, minmay_indecisive_spiral, uniq_sigmund
D:3:      layout_basic, nicolae_ru_the_path_less_chosen, serial_shops,
          nicolae_shop_rolled_up, chequers_serial_rivers_micro_b
D:4:      layout_rooms, yredelemnul_forgotten_temple_becter, temple_pool_b,
          serial_bayou_ford_a
D:5:      layout_layer_cave, ebering_ghost_sewer_d
D:6:      layout_rooms
D:7:      layout_basic, nicolae_dithmenos_the_darkroom
D:8:      kennysheep_steamy, layout_basic, general_overflow_altar
D:9:      layout_roguey, tso_oasis_becter, mainiacjoe_overflow_six_doors_small,
          lair_entry_dummy, nicolae_shop_self_help
D:10:     layout_roguey, regret_index_xom_buried_treasure,
          kennysheep_slug_shrine, minitemple, orc_0_dummy, serial_glass,
          glass_columns_a, glass_columns_b, serial_shops,
          nicolae_shop_behind_doors, uniq_nergalle, uniq_harold
D:11:     layout_gridville, special_room [special_room_orc],
          hangedman_decor_growths
Temple:   compressed_dpeg_circular_temple
Lair:1:   layout_cave_pods, serial_bayou_shore_a
Lair:2:   layout_big_grid, minmay_swamp_entry_reptiles, serial_bayou_shore_b,
          lemuel_fruit_fields, uniq_amaemon
Lair:3:   layout_chaotic_city, nicolae_spider_entry_non_spiders,
          pdpol_lair_cavern_descent, grunt_megastairs_3
Lair:4:   layout_regular_city
Lair:5:   hellmonk_lair_end_abyssal_woods, layout_loops_ring, slime_entry_1,
          serial_bayou_pond_d
Orc:1:    layout_diamond_mine, basic_altar
Orc:2:    st_orc_pillars, layout_caves, basic_altar, uniq_donald

Skill      XL: |  1  2  3  4  5  6  7  8  9 10 11 12 13 14 |
---------------+-------------------------------------------+-----
Axes           | 4 6 7 8 9 11 12 13 14 15 16 | 16.4
Armour         | 1 2 4 5 6 7 9 |  9.7
Fighting       | 3 5 6 8 9 10 11 | 11.1
Throwing       | 5 |  5.0
Invocations    | 4 8 |  8.0
Short Blades   | 2 |  2.0
Dodging        | |  2.6

Action                     |  1- 3 |  4- 6 |  7- 9 | 10-12 | 13-15 || total
---------------------------+-------+-------+-------+-------+-------++-------
  Melee: War axe           |    57 |    43 |   156 |   250 |    68 ||   574
         Dagger            |    25 |       |       |       |       ||    25
         Club              |     8 |       |       |       |       ||     8
         Trident           |    25 |    13 |       |       |       ||    38
         Hand axe          |       |    33 |    68 |       |       ||   101
         Broad axe         |       |       |    58 |   271 |   351 ||   680
  Throw: Throwing net      |       |       |     1 |       |       ||     1
         Boomerang         |       |       |       |     9 |       ||     9
 Invoke: Heroism           |       |       |       |     6 |     2 ||     8
         Receive Weapon    |       |       |       |       |     1 ||     1
         Receive Armour    |       |       |       |       |     1 ||     1
         Finesse           |       |       |       |       |     1 ||     1
Ability: Invent Gizmo      |       |       |       |       |     1 ||     1
  Evoke: Wand              |       |       |       |     6 |       ||     6
    Use: Scroll            |     2 |     6 |    12 |    12 |     1 ||    33
         Potion            |       |       |       |     3 |       ||     3
   Stab: Held in net/web   |       |       |     2 |       |       ||     2
 Armour: Leather armour    |    45 |     7 |       |       |       ||    52
         Chain mail        |       |    37 |   147 |    23 |       ||   207
         Plate armour      |       |       |       |   413 |   335 ||   748
  Dodge: Dodged            |    35 |    14 |    44 |   124 |    83 ||   300

Table legend: (Time is in decaauts)
 A = Elapsed time spent in this place.
 B = Non-inter-level travel time spent in this place.
 C = Inter-level travel time spent in this place.
 D = Time resting spent in this place.
 E = Time spent auto-exploring this place.
 F = Levels seen in this place.
 G = Mean time per level.
                   A        B        C        D        E       F      G
               +--------+--------+--------+--------+--------+-----+--------+
         Total |  18940 |  18223 |    717 |   1107 |  14731 |  19 |  996.8 |
       Dungeon |  11458 |  10980 |    478 |    758 |   8821 |  11 | 1041.6 |
        Temple |     30 |      2 |     28 |      0 |      0 |   1 |   30.0 |
          Lair |   7180 |   6988 |    192 |    349 |   5745 |   5 | 1436.0 |
  Orcish Mines |    271 |    254 |     17 |      0 |    165 |   2 |  135.5 |
               +--------+--------+--------+--------+--------+-----+--------+

Top non-repeatable levels by time:
  Lair:5: 1786 daAuts
     D:5: 1570 daAuts
    D:11: 1499 daAuts
  Lair:3: 1475 daAuts
  Lair:2: 1460 daAuts
    D:10: 1345 daAuts
  Lair:1: 1301 daAuts
  Lair:4: 1157 daAuts
     D:8: 1054 daAuts
     D:1: 1038 daAuts
     D:2: 1015 daAuts
     D:7: 900 daAuts
     D:3: 898 daAuts
     D:9: 829 daAuts
     D:6: 680 daAuts
